 Dungeon Crawl Stone Soup version 0.21.1-1-g345015f (webtiles) character file.

45 sking99 the Magician (level 3, -7/19 HPs)
             Began as a Deep Elf Wizard on June 30, 2018.
             Killed by divine providence
             ... invoked by an orc priest
              (11 damage)
             ... on level 3 of the Dungeon.
             The game lasted 00:08:41 (2822 turns).

sking99 the Magician (Deep Elf Wizard)              Turns: 2822, Time: 00:08:42

Health: -7/19      AC:  3    Str:  4    XL:     3   Next: 42%
Magic:  2/11       EV: 13    Int: 23    God:
Gold:   149        SH:  0    Dex: 13    Spells: 1/12 levels left

rFire    . . .     SeeInvis .   n - staff of poison
rCold    . . .     Gourm    .   (no shield)
rNeg     . . .     Faith    .   a - +0 robe
rPois    +         Spirit   .   b - +0 hat
rElec    .         Reflect  .   (no cloak)
rCorr    .         Harm     .   k - +0 pair of gloves
MR       .....                  (no boots)
Stlth    ++........             (no amulet)
HPRegen  0.06/turn              (no ring)
MPRegen  0.12/turn              (no ring)

@: very slightly contaminated
A: no striking features
a: no special abilities


You were on level 3 of the Dungeon.
You were hungry.

You visited 1 branch of the dungeon, and saw 3 of its levels.

You collected 149 gold pieces.

Inventory:

Armour
 a - a +0 robe (worn)
 b - a +0 hat (worn)
 k - a +0 pair of gloves (worn)
Magical Staves
 n - an uncursed staff of poison (weapon)
Jewellery
 h - an uncursed ring of protection from fire {unknown}
Scrolls
 e - a scroll of fog {unknown}
 l - a scroll of identify {unknown}
 m - a scroll of enchant armour {unknown}
 q - a scroll of remove curse {unknown}
 r - 3 scrolls of enchant weapon {unknown}
Potions
 f - 3 potions of invisibility {unknown}
 g - a potion of flight {unknown}
 i - a potion of berserk rage {unknown}
 j - a potion of curing {unknown}
 o - a potion of brilliance {unknown}
 p - 2 potions of heal wounds {unknown}
Books
 c - a book of Minor Magic

   Spells                             Type                      Level
   a - Magic Dart                     Conjuration                  1
   b - Blink                          Translocation                2
   c - Call Imp                       Summoning                    2
   d - Slow                           Hexes                        2
   e - Conjure Flame                  Conjuration/Fire             3
   f - Mephitic Cloud                 Conjuration/Poison/Air       3
Comestibles
 d - 5 rations


   Skills:
 - Level 2.6 Dodging
 - Level 2.5 Stealth
 * Level 5.3 Spellcasting
 * Level 1.6 Conjurations
 * Level 1.7 Summonings
 * Level 1.5 Translocations
 + Level 0.0 Fire Magic
 + Level 0.2 Air Magic
 + Level 0.1 Poison Magic


You had one spell level left.
You knew the following spells:

 Your Spells              Type           Power        Failure   Level  Hunger
a - Magic Dart            Conj           ##..         4%          1    None
b - Blink                 Tloc           N/A          8%          2    None
c - Call Imp              Summ           ##......     7%          2    None
d - Conjure Flame         Conj/Fire      #.......     21%         3    ##.....
e - Mephitic Cloud        Conj/Pois/Air  ##......     21%         3    ##.....


Dungeon Overview and Level Annotations

Branches:
Dungeon (3/15)

Altars:

Annotations:
D:3 Jessica


Message History

Jessica hits you but does no damage. The orc priest closely misses you.
Jessica casts a spell.
Jessica blinks!
Casting: Magic Dart
Confirm with . or Enter, or press ? or * to list all spells.
Aiming: Conjure Flame
Press: ? - help, Dir - move target cursor, f/p - orc priest
Aim: an orc priest, wielding a club and wearing a dyed leather armour
Okay, then.
Casting: Conjure Flame
Confirm with . or Enter, or press ? or * to list all spells.
A beastly little devil appears in a puff of flame.
Casting: Call Imp
Confirm with . or Enter, or press ? or * to list all spells.
A beastly little devil appears in a puff of frigid air.
The orc priest calls down the wrath of Beogh upon you.
Beogh smites you!
Ouch! That really hurt!
You die...

#
#.##.)####.#..#..............
#
#................(.....#.....
#
#.##.........##........#.##.#
#
#.##..........##.............
##.#....##..#..#####.#.##....#
#.......##.......@........##.#
##.#..........55.....#.##.##.#
###....##.[#o.......#.##.####
#.....#..#@###.#.##.##.#
#........#........<....#
#####.##.#.......#.###.#
#####.##.#.##.##.#.###.#
#......................#
########...##.##.......#
#......##.#.##..#
##..#####.#.....# #..#
#.#.##..#


You could see an orc priest, Jessica, a friendly crimson imp and a friendly
white imp.

Vanquished Creatures
  A dart slug (D:1)
  4 leopard geckos
  2 giant cockroaches
  6 goblins
  7 hobgoblins
  2 jackals (D:1)
  4 bats
  2 frilled lizards
  6 rats
34 creatures vanquished.

Vanquished Creatures (collateral kills)
  A worm (D:2)
1 creature vanquished.

Grand Total: 35 creatures vanquished

Notes
Turn   | Place    | Note
-------+----------+-------------------------------------------
     0 | D:1      | sking99 the Deep Elf Wizard began the quest for the Orb.
     0 | D:1      | Reached XP level 1. HP: 10/10 MP: 7/7
   644 | D:1      | Reached skill level 5 in Spellcasting
   690 | D:1      | Reached XP level 2. HP: 15/15 MP: 7/10
   756 | D:1      | Learned a level 2 spell: Blink
   759 | D:1      | Learned a level 2 spell: Call Imp
  1243 | D:1      | Reached XP level 3. HP: 19/19 MP: 5/11
  2039 | D:2      | Found a faded altar of an unknown god.
  2361 | D:3      | Learned a level 3 spell: Conjure Flame
  2366 | D:3      | Learned a level 3 spell: Mephitic Cloud
  2810 | D:3      | Noticed Jessica
  2822 | D:3      | Killed from afar by an orc priest

Skill      XL: |  1 |
---------------+----+-----
Spellcasting   | 5 |  5.3
Dodging        | |  2.6
Stealth        | |  2.5
Conjurations   | |  1.6
Summonings     | |  1.7
Translocations | |  1.5
Air Magic      | |  0.2
Poison Magic   | |  0.1

Action                   || total
-------------------------++-------
Melee: Staff             ||     5
 Cast: Magic Dart        ||   116
       Call Imp          ||     5
  Eat: Chunk             ||     5
Armor: Robe              ||     3
Dodge: Dodged            ||    18
